 Dungeon Crawl Stone Soup version 0.25.0-26-g0c896c7088 (webtiles) character file.

Game seed: 12377897749577591880

5247 Araneus the Scholar of Death (level 10, -8/63 HPs)
             Began as a Mummy Necromancer on June 30, 2020.
             Was a Follower of Kikubaaqudgha.
             Mangled by an orc knight
             ... wielding a +2 great mace
              (15 damage)
             ... on level 9 of the Dungeon on July 2, 2020.
             The game lasted 01:27:19 (15747 turns).

Araneus the Scholar of Death (Mummy Necromancer)   Turns: 15747, Time: 01:27:20

Health: -8/63      AC:  9    Str: 20    XL:     10   Next: 36%
Magic:  4/20       EV: 15    Int: 21    God:    Kikubaaqudgha [*.....]
Gold:   251        SH:  0    Dex: 13    Spells: 7/23 levels left

rFire    x . .     SeeInvis .   a - +4 quarterstaff "Usecok" {drain, rC+}
rCold    + + .     Gourm    .   (shield currently unavailable)
rNeg     + + +     Faith    .   o - +0 leather armour
rPois    ∞         Spirit   .   l - +1 hat
rElec    .         Reflect  .   (no cloak)
rCorr    .         Harm     .   j - +2 pair of gloves
MR       +....                  n - +1 pair of boots
Stlth    ++........             (no amulet)
HPRegen  0.20/turn              r - +6 ring of strength
MPRegen  0.17/turn              k - +6 ring of intelligence

@: no status effects
A: no food or potions, fire vulnerability, cold resistance 1, negative energy
resistance 3, torment resistance, unbreathing
a: Receive Corpses, Renounce Religion


You were on level 9 of the Dungeon.
You worshipped Kikubaaqudgha.
Kikubaaqudgha was aware of your devotion.
You were not hungry.

You visited 3 branches of the dungeon, and saw 12 of its levels.
You also visited: Sewer.

You collected 416 gold pieces.
You spent 165 gold pieces at shops.

Inventory:

Hand Weapons
 a - the +4 quarterstaff "Usecok" (weapon) {drain, rC+}
   (You found it on level 7 of the Dungeon)

   A truly terrible weapon, it drains the life of those it strikes.
   It protects you from cold.
 e - a +0 spear
 h - a +2 dagger of flaming
Armour
 j - a +2 pair of gloves (worn)
 l - a +1 hat (worn)
 n - a +1 pair of boots (worn)
 o - a +0 leather armour (worn)
 p - a +0 buckler
Magical Staves
 v - an uncursed staff of wizardry
Jewellery
 d - an uncursed ring of flight
 f - an uncursed ring of protection from cold
 i - an uncursed ring of wizardry
 k - a +6 ring of intelligence (right hand)
 m - an uncursed amulet of guardian spirit
 r - a +6 ring of strength (left hand)
Wands
 b - a wand of random effects (17)
 s - a wand of flame (19)
 t - a wand of paralysis (12)
 z - a wand of clouds (6)
Scrolls
 c - 6 scrolls of remove curse
 g - 11 scrolls of identify
 q - 4 scrolls of amnesia
 u - a scroll of magic mapping {unknown}
 w - a scroll of fog
 x - a scroll of fear {unknown}
 y - a scroll of blinking {unknown}


   Skills:
 - Level 1.9(4.3) Polearms
 * Level 6.0(6.2) Staves
 + Level 1.3 Armour
 * Level 5.8 Dodging
 - Level 1.6 Stealth
 - Level 4.0 Shields
 - Level 7.0 Spellcasting
 + Level 9.5 Necromancy


You had 7 spell levels left.
You knew the following spells:

 Your Spells              Type           Power        Failure   Level  Hunger
a - Pain                  Necr           ####         1%          1    N/A
b - Animate Skeleton      Necr           N/A          1%          1    N/A
c - Animate Dead          Necr           N/A          1%          4    N/A
d - Vampiric Draining     Necr           #####.....   1%          3    N/A
e - Agony                 Necr           #####...     6%          5    N/A
f - Corpse Rot            Necr/Air       N/A          2%          2    N/A

Your spell library contained the following spells:

 Spells                   Type           Power        Failure   Level  Hunger
 Magic Dart               Conj           #...         11%         1    N/A
 Summon Butterflies       Summ           #.......     11%         1    N/A
 Searing Ray              Conj           #.....       16%         2    N/A
 Call Canine Familiar     Summ           #.......     30%         3    N/A
 Dazzling Flash           Conj/Hex       #.....       30%         3    N/A
 Fulminant Prism          Conj/Hex       #.........   71%         4    N/A
 Iskenderun's Mystic Bla  Conj/Tloc      #.......     71%         4    N/A
 Summon Ice Beast         Ice/Summ       #.......     71%         4    N/A
 Summon Mana Viper        Hex/Summ       #.......     96%         5    N/A
 Summon Hydra             Summ           #.........   100%        7    N/A

Dungeon Overview and Level Annotations

Branches:
Dungeon (10/15)            Temple (1/1) D:7            Lair (0/6) D:8
    Orc (1/2) D:9           Sewer (visited)

Altars:
Ashenzari
Cheibriados
Dithmenos
Elyvilon
Fedhas
Gozag
Hepliaklqana
Kikubaaqudgha
Makhleb
Nemelex Xobeh
Okawaru
Qazlal
Ru
Sif Muna
Trog
Uskayaw
Vehumet
Wu Jian
Xom
Yredelemnul
Zin
The Shining One

Shops:
D:7 [   D:9 (


Innate Abilities, Weirdness & Mutations

You do not eat or drink.
Your flesh is vulnerable to fire.
You are immune to poison.
Your flesh is cold resistant. (rC+)
You are immune to negative energy. (rN+++)
You are immune to unholy pain and torment.
You can survive without breathing.


Message History

The orc warrior hits your orc warrior zombie with a +0 battleaxe!!
Your warg zombie bites the orc warrior but does no damage.
Your orc warrior zombie hits the orc warrior.
Your orc wizard zombie barely misses the orc knight.
Your orc warrior zombie barely misses the orc warrior.
Your warg zombie bites the orc warrior but does no damage.
Your orc warrior zombie hits the orc warrior but does no damage.
There is a staircase back to the Dungeon here.
The orc barely misses your orc wizard zombie.
The orc knight hits you with a +2 great mace!
* * * LOW HITPOINT WARNING * * *
The orc warrior completely misses you.
The orc warrior hits your warg zombie with a +0 battleaxe!
The orc warrior hits your orc warrior zombie with a +0 battleaxe!!
Your orc warrior zombie hits the orc warrior but does no damage.
You climb upwards.
Welcome back to the Dungeon!
There is a staircase to the Orcish Mines here.
The orc knight hits you with a +2 great mace!
You die...
Kikubaaqudgha rasps: "You have failed me!
Welcome... oblivion!"

###########........[........##
###.....................##.....#
..#.#########..#####.#.........#
#.#.# #..# #.#####.....# #.#.#
#..# #.# ##....#
#.#.##########.# #.# ##.#(##
#...........)..#####.# ##.....
....#############>#### #......
##### ####..@oo..#### #.#####
###.............###.# # #####
##....#.......#....### # ....#
##....###.....###....## # ###.#
#.)8..###.8.8.###.....#####
#.###.))...#.......#...Z..##...
#.##..#'#..#..#'#..#..#Z#..#...
#.##.##.##.#.##.##.#.##.##Z####
#.##.#...#.#.#..[#.#.#..(#Z# #


You could see an orc knight and an orc warrior (strong).

Vanquished Creatures
  Pikel (D:8)
  A hornet (D:8)
  2 hippogriffs (D:9)
  Sigmund (D:6)
  6 orc warriors
  An ice beast (D:7)
  2 sky beasts
  An eye of draining (D:9)
  A necrophage (D:9)
  A phantom (D:7)
  3 ogres (D:9)
  4 centaurs
  A big kobold (D:7)
  3 scorpions
  6 killer bees
  2 howler monkeys (D:7)
  3 crimson imps
  A jelly (D:9)
  2 hounds
  6 orc priests
  A bullfrog skeleton (D:9)
  11 orc wizards
  5 iguanas
  7 worker ants
  A hound skeleton (D:6)
  7 adders
  4 river rats
  A shadow imp (D:6)
  An ooze (D:1)
  An adder skeleton (D:4)
  2 adder zombies
  2 worms
  3 dart slugs
  6 leopard geckos
  30 orcs
  3 ball pythons
  6 bats
  9 giant cockroaches
  8 goblins
  6 hobgoblins
  13 jackals
  6 quokkas
  9 frilled lizards
  29 kobolds
  A leopard gecko zombie (D:6)
  30 rats
250 creatures vanquished.

Vanquished Creatures (collateral kills)
  A troll (Orc:1)
  A black bear (D:8)
  2 orc warriors (D:9)
  2 phantoms
  An ogre (D:6)
  A worker ant (D:6)
  A hound skeleton (D:6)
  3 adders
  7 orcs
  A ball python (Sewer)
  A hobgoblin (D:3)
  3 jackals (D:6)
  4 kobolds (Sewer)
  A bat (D:3)
  A leopard gecko skeleton (D:7)
  4 rats
34 creatures vanquished.

Vanquished Creatures (others)
  A bullfrog (D:8)
  A scorpion (D:8)
  A bullfrog skeleton (D:8)
  An orc wizard (D:8)
  An adder (D:8)
  2 plants (D:8)
7 creatures vanquished.

Grand Total: 291 creatures vanquished

Notes
Turn   | Place    | Note
-------+----------+-------------------------------------------
     0 | D:1      | Araneus the Mummy Necromancer began the quest for the Orb.
     0 | D:1      | Reached XP level 1. HP: 13/13 MP: 4/4
     6 | D:1      | Learned a level 1 spell: Animate Skeleton
   210 | D:1      | Reached XP level 2. HP: 19/19 MP: 0/5
   303 | D:1      | You fall into a shaft and drop 1 floor!
   969 | D:1      | Reached XP level 3. HP: 22/24 MP: 5/7
  1519 | D:2      | Found a burning altar of Makhleb.
  1871 | D:2      | Reached XP level 4. HP: 25/30 MP: 7/9
  2286 | D:2      | Learned a level 4 spell: Animate Dead
  2490 | D:2      | Reached skill level 5 in Necromancy
  2597 | D:2      | Found a shimmering blue altar of Sif Muna.
  3188 | D:3      | Found a glowing drain.
  3202 | D:3      | Reached XP level 5. HP: 28/35 MP: 5/11
  3229 | Sewer    | Entered a sewer
  4688 | D:4      | Reached skill level 1 in Polearms
  4688 | D:4      | Reached skill level 5 in Spellcasting
  4688 | D:4      | Reached XP level 6. HP: 37/41 MP: 5/13
  5529 | D:4      | Upgraded the game from 0.25.0-17-g773c8c6189 to
                  | 0.25.0-26-g0c896c7088
  5614 | D:4      | Reached skill level 1 in Shields
  6209 | D:4      | Reached skill level 6 in Necromancy
  6384 | D:5      | Entered Level 5 of the Dungeon
  6508 | D:5      | Found a bloodstained altar of Trog.
  6534 | D:5      | Reached XP level 7. HP: 44/46 MP: 10/15
  6600 | D:5      | Found a white marble altar of Elyvilon.
  6749 | D:5      | Learned a level 3 spell: Vampiric Draining
  7360 | D:5      | Found a shattered altar of Ashenzari.
  7361 | D:5      | Found an ancient bone altar of Kikubaaqudgha.
  7361 | D:5      | Found a radiant altar of Vehumet.
  7362 | D:5      | Found a sacrificial altar of Ru.
  7373 | D:5      | Became a worshipper of Kikubaaqudgha
  7423 | D:5      | Found a snail-covered altar of Cheibriados.
  7808 | D:6      | Learned a level 5 spell: Agony
  8007 | D:6      | Reached XP level 8. HP: 52/52 MP: 11/17
  8320 | D:6      | Reached skill level 1 in Staves
  8451 | D:6      | Found a glowing golden altar of the Shining One.
  8524 | D:6      | Reached skill level 7 in Necromancy
  8769 | D:6      | Reached * piety under Kikubaaqudgha
  8769 | D:6      | Identified Kikubaaqudgha's Disquisition on Sinister Arts
                  | (Kikubaaqudgha gifted it to you on level 6 of the Dungeon)
  8769 | D:6      | Received a gift from Kikubaaqudgha
  8913 | D:6      | Noticed Sigmund
  9173 | D:6      | Killed Sigmund
  9406 | D:7      | Got a crystal quarterstaff
 10637 | D:7      | Found a staircase to the Ecumenical Temple.
 10646 | Temple   | Entered the Ecumenical Temple
 10818 | D:7      | Identified the +4 quarterstaff "Usecok" {drain, rC+} (You
                  | found it on level 7 of the Dungeon)
 11097 | D:7      | Reached XP level 9. HP: 57/57 MP: 14/19
 11163 | D:7      | Found Yfysaj's Armour Shoppe.
 11183 | D:7      | Bought a +1 hat for 165 gold pieces
 11511 | D:8      | Reached skill level 8 in Necromancy
 12802 | D:8      | Noticed Pikel
 12816 | D:8      | Killed Pikel
 12816 | D:8      | Reached skill level 5 in Dodging
 13735 | D:8      | Found a staircase to the Lair.
 13736 | D:8      | Noticed a komodo dragon
 13748 | D:8      | Learned a level 2 spell: Corpse Rot
 14002 | D:9      | Reached skill level 9 in Necromancy
 14288 | D:9      | Reached skill level 5 in Staves
 14288 | D:9      | Reached XP level 10. HP: 42/63 MP: 7/20
 14816 | D:10     | Entered Level 10 of the Dungeon
 14879 | D:9      | Found Laxt's Weapon Shoppe.
 15059 | D:9      | Found a staircase to the Orcish Mines.
 15101 | D:9      | Reached skill level 1 in Armour
 15434 | D:9      | Found a hazy altar of Hepliaklqana.
 15531 | D:9      | Reached ** piety under Kikubaaqudgha
 15718 | Orc:1    | Entered Level 1 of the Orcish Mines
 15732 | Orc:1    | Noticed an orc knight
 15747 | D:9      | Mangled by an orc knight

Illustrated notes

Levels and vault maps discovered:
D:1:      nzn_arrival_settlement, layout_basic, minmay_tetromino_s4
D:2:      layout_loops_ring, lemuel_crystal_altar, lemuel_blue_sif_altar
D:3:      layout_basic, portal_sewer_entry_e
D:4:      kennysheep_spiral_hall, layout_basic, hangedman_feature_mirror
D:5:      layout_basic, nicolae_overflow_crystal_walls, kennysheep_mini,
          chequers_temple_overflow_statue_of_worship, kennysheep_mini_moat,
          first_ration
D:6:      layout_gridville, nicolae_tso_swordbearing_angel,
          kennysheep_generic_room_7, uniq_sigmund
D:7:      layout_cave_pods, minmay_temple_entry_statues_pillars, serial_shops,
          shop
D:8:      layout_loops_cross, david_lair_shrubbed, enter_bailey_2, uniq_pikel
D:9:      layout_loops_ring, nicolae_overflow_hidden_temple, david_orc_1_choice,
          serial_shops, shop
D:10:     layout_loops_corners
Temple:   nicolae_temple_hex_pool
Orc:1:    layout_caves, serial_shops, mines_bat_river

Skill      XL: |  1  2  3  4  5  6  7  8  9 10 |
---------------+-------------------------------+-----
Spellcasting   | 3 4 5 6 7 |  7.0
Dodging        | 2 3 4 5 |  5.8
Necromancy     | 5 6 7 9 |  9.5
Polearms       | 1 |  1.9
Shields        | 1 2 3 4 |  4.0
Staves         | 2 5 6 |  6.0
Armour         | 1 |  1.3
Stealth        | |  1.6

Action                   |  1- 3 |  4- 6 |  7- 9 | 10-12 || total
-------------------------+-------+-------+-------+-------++-------
Melee: Club              |     4 |       |       |       ||     4
       Dagger            |    12 |    85 |    48 |       ||   145
       Staff             |       |       |   414 |       ||   414
       Quarterstaff      |       |       |   107 |    89 ||   196
Throw: Dart              |       |       |    43 |       ||    43
 Cast: Pain              |    61 |   157 |   179 |     4 ||   401
       Animate Skeleton  |    15 |    48 |    11 |       ||    74
       Vampiric Draining |       |       |    22 |     1 ||    23
       Animate Dead      |       |       |    20 |    11 ||    31
       Agony             |       |       |     2 |       ||     2
       Corpse Rot        |       |       |     1 |     4 ||     5
Invok: Receive Corpses   |       |       |     3 |     5 ||     8
  Use: Scroll            |       |     8 |    11 |       ||    19
 Stab: Sleeping          |       |     2 |     2 |       ||     4
       Distracted        |       |       |     2 |       ||     2
Armor: Robe              |    16 |    24 |       |       ||    40
       Leather armour    |       |     3 |   242 |    26 ||   271
Dodge: Dodged            |    33 |    63 |   434 |    63 ||   593
Block: Buckler           |       |     9 |    84 |       ||    93
